 Dungeon Crawl Stone Soup version 0.21.1-1-g345015f (webtiles) character file.

1240 pk666 the Magician (level 8, -1/66 HPs)
             Began as a Deep Elf Wizard on Feb 11, 2018.
             Was an Initiate of Vehumet.
             Slain by a mummy (3 damage)
             ... in an ossuary.
             The game lasted 00:21:14 (7496 turns).

pk666 the Magician (Deep Elf Wizard)                Turns: 7496, Time: 00:21:15

Health: -1/66      AC: 24    Str:  1 (4)  XL:     8   Next: 25%
Magic:  2/21       EV:  2    Int: 23 (26) God:    Vehumet [......]
Gold:   208        SH:  0    Dex: 12 (13) Spells: 13/22 levels left

rFire    . . .     SeeInvis .   u - +0 quarterstaff
rCold    . . .     Gourm    .   (shield currently unavailable)
rNeg     + + +     Faith    .   (armour currently unavailable)
rPois    +         Spirit   .   (helmet currently unavailable)
rElec    .         Reflect  .   (cloak currently unavailable)
rCorr    .         Harm     .   (gloves currently unavailable)
MR       .....     NoTele   +   (boots currently unavailable)
Stlth    ++........             (no amulet)
HPRegen  0.21/turn              (no ring)
MPRegen  0.17/turn              (no ring)

@: tree-form
A: no striking features
a: Renounce Religion


You were in an ossuary.
You worshipped Vehumet.
Vehumet was noncommittal.
You were hungry.
You were a tree.
You visited 2 branches of the dungeon, and saw 8 of its levels.
You also visited: Ossuary.

You collected 263 gold pieces.
You spent 55 gold pieces at shops.

Inventory:

Hand Weapons
 e - a +0 dagger
 u - a +0 quarterstaff (weapon)
Armour
 a - a +0 robe (melded)
 b - a +0 hat (melded)
 s - a +0 cloak (melded)
 x - a +0 pair of gloves (melded)
Wands
 r - a wand of random effects (47)
 w - a wand of polymorph (12)
Scrolls
 f - 2 scrolls of fear {unknown}
 j - 9 scrolls of remove curse
 k - 3 scrolls of immolation {unknown}
 l - 4 scrolls of identify
 n - a scroll of enchant weapon {unknown}
 v - a scroll of amnesia {unknown}
Potions
 h - a potion of mutation
 i - a potion of degeneration
 o - a potion of heal wounds {unknown}
 p - a potion of brilliance {unknown}
 q - a potion of lignification
 t - a potion of might {unknown}
 z - a potion of berserk rage {unknown}
Books
 c - a book of Minor Magic

   Spells                             Type                      Level
   a - Magic Dart                     Conjuration                  1
   b - Blink                          Translocation                2
   c - Call Imp                       Summoning                    2
   d - Slow                           Hexes                        2
   e - Conjure Flame                  Conjuration/Fire             3
   f - Mephitic Cloud                 Conjuration/Poison/Air       3
Comestibles
 d - 10 rations


   Skills:
 + Level 1.7 Fighting
 + Level 2.1 Staves
 - Level 5.0 Dodging
 - Level 2.4 Stealth
 + Level 7.6 Spellcasting
 * Level 5.6 Conjurations
   Level 1.1 Summonings
 - Level 2.0 Translocations
 + Level 3.7 Fire Magic
 - Level 1.0 Air Magic
 - Level 2.0 Poison Magic


You had 13 spell levels left.
You knew the following spells:

 Your Spells              Type           Power        Failure   Level  Hunger
a - Magic Dart            Conj           ####         1%          1    None
b - Blink                 Tloc           N/A          4%          2    None
d - Conjure Flame         Conj/Fire      ####....     3%          3    None
z - Mephitic Cloud        Conj/Pois/Air  ###.....     7%          3    None


Dungeon Overview and Level Annotations

Branches:
Dungeon (7/15)             Temple (1/1) D:6

Altars:
Dithmenos
Elyvilon
Gozag
Hepliaklqana
Kikubaaqudgha
Makhleb
Nemelex Xobeh
Okawaru
Qazlal
Ru
Sif Muna
Trog
Vehumet
Wu Jian
Xom
Yredelemnul

Shops:
D:6 ?


Innate Abilities, Weirdness & Mutations

((Your flesh is cold resistant. (rC+)))
((Your system is resistant to poisons. (rPois)))


Message History

The centaur zombie completely misses you.
The centaur zombie hits you.
* * * LOW HITPOINT WARNING * * *
The elf zombie hits you.
* * * LOW HITPOINT WARNING * * *
The mummy hits you!
* * * LOW HITPOINT WARNING * * *
It was a potion of lignification.
You turn into a tree.
Your +0 cloak melds into your body.
Your +0 hat melds into your body.
Your +0 pair of gloves melds into your body.
Your +0 robe melds into your body.
Your roots penetrate the ground.
The human zombie hits you but does no damage.
The centaur zombie hits you but does no damage.
The elf zombie hits you but does no damage.
You hit the centaur zombie but do no damage.
The centaur zombie is lightly damaged.
The centaur zombie hits you but does no damage.
The human zombie hits you but does no damage.
The mummy hits you.
You die...

#.......#
##.....##
###.###
#'#
###Z###
##.Z...##
#Z......#
#ZZZ....#
#♣ZZ....#
##M....##
###.###
###


You could see a mummy, 3 elf zombies, a centaur zombie and 4 human zombies.

Vanquished Creatures
  Prince Ribbit (D:7)
  A sky beast (D:6)
  A centaur (D:6)
  A big kobold (D:6)
  Blork the orc (D:4)
  A scorpion (D:5)
  2 jellies
  2 hounds
  Crazy Yiuf (D:3)
  4 bullfrog skeletons
  6 orc wizards
  3 worker ants
  A mummy (Ossuary)
  5 adders
  A shadow imp (D:5)
  An ooze (D:3)
  An adder skeleton (D:5)
  2 worms
  3 dart slugs
  2 leopard geckos
  18 orcs
  10 giant cockroaches
  7 goblins
  5 hobgoblins
  11 jackals
  14 kobolds
  2 quokkas
  5 bats
  3 frilled lizards
  2 quokka skeletons
  A quokka zombie (D:5)
  12 rats
130 creatures vanquished.

Vanquished Creatures (others)
  An orc (D:5)
1 creature vanquished.

Grand Total: 131 creatures vanquished

Notes
Turn   | Place    | Note
-------+----------+-------------------------------------------
     0 | D:1      | pk666 the Deep Elf Wizard began the quest for the Orb.
     0 | D:1      | Reached XP level 1. HP: 10/10 MP: 7/7
   296 | D:1      | Reached XP level 2. HP: 15/15 MP: 4/9
   802 | D:1      | Reached skill level 5 in Spellcasting
   920 | D:2      | Reached XP level 3. HP: 18/19 MP: 5/11
   924 | D:2      | Learned a level 2 spell: Blink
   928 | D:2      | Learned a level 3 spell: Mephitic Cloud
   932 | D:2      | Learned a level 3 spell: Conjure Flame
  1002 | D:2      | Found an opulent altar of Gozag.
  1029 | D:2      | Found a basalt altar of Yredelemnul.
  1217 | D:2      | Found an ornate altar of the Wu Jian Council.
  1547 | D:2      | Reached XP level 4. HP: 24/24 MP: 11/13
  1950 | D:3      | Reached skill level 1 in Air Magic
  2070 | D:3      | Reached skill level 1 in Fire Magic
  2070 | D:3      | Reached skill level 1 in Poison Magic
  2532 | D:3      | Found an iron altar of Okawaru.
  2739 | D:3      | Reached XP level 5. HP: 28/28 MP: 3/15
  3043 | D:3      | Found a shadowy altar of Dithmenos.
  3192 | D:3      | Found a runed door.
  3363 | D:3      | Reached skill level 6 in Spellcasting
  3741 | D:3      | Noticed Crazy Yiuf
  3750 | D:3      | Killed Crazy Yiuf
  3750 | D:3      | Reached XP level 6. HP: 32/32 MP: 3/17
  4589 | D:4      | Noticed Blork the orc
  4602 | D:4      | Killed Blork the orc
  4727 | D:4      | Found a sacrificial altar of Ru.
  5181 | D:5      | Entered Level 5 of the Dungeon
  5301 | D:5      | Found an ancient bone altar of Kikubaaqudgha.
  5365 | D:5      | Reached XP level 7. HP: 21/36 MP: 1/19
  5773 | D:5      | Reached skill level 7 in Spellcasting
  6163 | D:6      | Reached skill level 1 in Staves
  6291 | D:6      | Found a staircase to the Ecumenical Temple.
  6306 | Temple   | Entered the Ecumenical Temple
  6326 | Temple   | Became a worshipper of Vehumet
  6584 | D:6      | Reached skill level 1 in Fighting
  6710 | D:6      | Reached skill level 5 in Conjurations
  6875 | D:6      | Reached XP level 8. HP: 41/43 MP: 14/21
  7150 | D:6      | Found Zukokhlerr's Magic Scroll Shoppe.
  7154 | D:6      | Bought a scroll of remove curse for 33 gold pieces
  7154 | D:6      | Bought a scroll of identify for 22 gold pieces
  7232 | D:6      | Found a burning altar of Makhleb.
  7412 | D:7      | Noticed Prince Ribbit
  7416 | D:7      | Killed Prince Ribbit
  7416 | D:7      | Reached skill level 5 in Dodging
  7430 | D:7      | Found a sand-covered staircase.
  7449 | Ossuary  | Entered an ossuary
  7489 | Ossuary  | Gained mutation: Your body sometimes deteriorates upon taking damage. [potion of mutation]
  7489 | Ossuary  | Gained mutation: Your natural rate of healing is unusually fast. [potion of mutation]
  7489 | Ossuary  | Gained mutation: You are partially covered in slimy green scales. (AC +2) [potion of mutation]
  7490 | Ossuary  | Lost mutation: Your natural rate of healing is unusually fast. [potion of mutation]
  7490 | Ossuary  | Lost mutation: Your body sometimes deteriorates upon taking damage. [potion of mutation]
  7490 | Ossuary  | Lost mutation: You are partially covered in slimy green scales. (AC +2) [potion of mutation]
  7490 | Ossuary  | Gained mutation: Your flesh is cold resistant. (rC+) [potion of mutation]
  7490 | Ossuary  | Gained mutation: Your system is resistant to poisons. (rPois) [potion of mutation]
  7494 | Ossuary  | HP: 1/44 [mummy (11)]
  7496 | Ossuary  | Slain by a mummy

Skill      XL: |  1  2  3  4  5  6  7  8 |
---------------+-------------------------+-----
Conjurations   | 2 3 4 5 |  5.6
Spellcasting   | 5 6 7 |  7.6
Dodging        | 3 4 5 |  5.0
Air Magic      | 1 |  1.0
Fire Magic     | 1 2 3 |  3.7
Poison Magic   | 1 2 |  2.0
Translocations | 2 |  2.0
Staves         | 1 2 |  2.1
Fighting       | 1 |  1.7
Stealth        | |  2.4
Summonings     | |  1.1

Action                   |  1- 3 |  4- 6 |  7- 9 || total
-------------------------+-------+-------+-------++-------
Melee: Dagger            |     9 |       |       ||     9
       Quarterstaff      |       |       |    14 ||    14
 Cast: Magic Dart        |    83 |   187 |   103 ||   373
       Mephitic Cloud    |       |     6 |    11 ||    17
       Conjure Flame     |       |     8 |     6 ||    14
       Blink             |       |     1 |     3 ||     4
  Use: Potion            |       |     1 |     7 ||     8
 Stab: Confused          |       |       |     2 ||     2
  Eat: Chunk             |     2 |    10 |     7 ||    19
Armor: Robe              |     8 |     3 |     5 ||    16
       Skin              |       |       |     5 ||     5
Dodge: Dodged            |    31 |    19 |    37 ||    87
